 Seeded DCSS version 0.27-a0-978-g2aa4ecdaef (webtiles) character file.

Game seed: 12246631163096203030 (custom seed)

11 flotson the Chopper (level 2, -1/22 HPs)
             Began as a Demonspawn Gladiator on Apr 14, 2021.
             Slain by a goblin
             ... wielding a +1 dagger of electrocution
              (20 damage)
             ... on level 1 of the Dungeon.
             The game lasted 00:01:01 (423 turns).

flotson the Chopper (Demonspawn Gladiator)           Turns: 423, Time: 00:01:03

Health: -1/22      AC:  4    Str: 14    XL:     2   Next: 13%
Magic:  2/2        EV: 12    Int: 11    God:
Gold:   0          SH:  0    Dex: 14    Spells: 1/1 levels left

rFire    . . .     SeeInvis .   a - +0 war axe
rCold    . . .     Faith    .   (no shield)
rNeg     . . .     Spirit   .   b - +0 leather armour
rPois    .         Reflect  .   c - +0 helmet
rElec    .         Harm     .   (no cloak)
rCorr    .         Rampage  .   (no gloves)
Will     .....                  (no boots)
Stlth    +.........             (no amulet)
HPRegen  0.07/turn              (no ring)
MPRegen  0.08/turn              (no ring)

@: no status effects
A: big brain 1
a: no special abilities


You were on level 1 of the Dungeon.
You visited 1 branch of the dungeon, and saw 1 of its levels.

Inventory:

Hand Weapons
 a - a +0 war axe (weapon)
Missiles
 d - 3 throwing nets (quivered)
Armour
 b - a +0 leather armour (worn)
 c - a +0 helmet (worn)
Scrolls
 e - a scroll of blinking {unknown}
 f - 2 scrolls of identify {unknown}


   Skills:
 + Level 2.1 Fighting
 * Level 2.9 Axes
 + Level 1.9 Throwing
 + Level 0.3 Armour
 + Level 2.8 Dodging


You had one spell level left.
You didn't know any spells.
Your spell library was empty.

Dungeon Overview and Level Annotations

Branches:
Dungeon (1/15)

Altars:

Shops:
D:1 =


Innate Abilities, Weirdness & Mutations

You have an unusually large brain. (Int +2)


Message History

Items here: ††††††.
A frilled lizard comes into view.
Items here: ††††††.
Items here: ††††††.
e - a scroll labelled XINODY GINU
Found Xoerehik's Jewellery Shop.
Found 11 stones.
Found 21 arrows.
There is an entrance to Xoerehik's Jewellery Shop here.
A ball python comes into view.
The ball python hisses angrily.
A ball python is nearby!
You closely miss the ball python. The ball python bites you.
The ball python closely misses you.
You barely miss the ball python. The ball python barely misses you. x2
The ball python bites you but does no damage.
The ball python barely misses you.
You hit the ball python.
You kill the ball python!
No target in view!
No target in view!
No target in view!
No target in view!
No target in view!
You see here a ball python corpse.
f - a scroll labelled UMOTAU OSHRA
Found a stone staircase leading down.
f - 2 scrolls labelled UMOTAU OSHRA (gained 1)
A frilled lizard is nearby! 2 goblins come into view.
A goblin is wielding a +1 dagger of electrocution.
The goblin shouts! x2; The frilled lizard hisses angrily.
You hit the goblin.
The goblin is severely wounded.
The goblin misses you.
An endoplasm comes into view.
The goblin hits you with a +1 dagger of electrocution.
You are electrocuted!!
Ouch! That really hurt!
You die...

.#.....#.###...> ##
.. ................
......
#.....##.######.
.#.#.# ......##.#
.#.....# .#....#..#
..#... .###.##.##
#...##### # #.##.#
###........
#.#..######..........
#.#.###.....#@l......
#.#.###.#####gg......
#.......# #........
#..#.#### #........
#..##.# ......... #..
#.# .####.... #...
..# . #... #.. .## ..
J.. #.# ##


You could see an endoplasm (wandering), 2 goblins and a frilled lizard.

Vanquished Creatures
  A ball python (D:1)
  A hobgoblin (D:1)
  4 jackals (D:1)
  2 quokkas (D:1)
8 creatures vanquished.

Notes
Turn   | Place    | Note
-------+----------+-------------------------------------------
     0 | D:1      | flotson the Demonspawn Gladiator began the quest for the
                  | Orb.
     0 | D:1      | Reached XP level 1. HP: 16/16 MP: 1/1
   224 | D:1      | Gained mutation: You have an unusually large brain. (Int
                  | +2) [demonic ancestry]
   224 | D:1      | Reached XP level 2. HP: 16/22 MP: 2/2
   361 | D:1      | Found Xoerehik's Jewellery Shop.
   423 | D:1      | Slain by a goblin

Illustrated notes

Levels and vault maps discovered:
D:1:      kennysheep_arrival_forest, layout_rooms, serial_shops, shop,
          minmay_misc_feat_diagonals, minivault_23, nrook_campfire

Action                   || total
-------------------------++-------
Melee: War axe           ||    42
Armor: Leather armour    ||    12
Dodge: Dodged            ||    42

Table legend: (Time is in decaauts)
 A = Elapsed time spent in this place.
 B = Non-inter-level travel time spent in this place.
 C = Inter-level travel time spent in this place.
 D = Time resting spent in this place.
 E = Time spent auto-exploring this place.
 F = Levels seen in this place.
 G = Mean time per level.
                   A        B        C        D        E       F      G
               +--------+--------+--------+--------+--------+-----+--------+
         Total |    438 |    438 |      0 |      0 |    357 |   1 |  438.0 |
       Dungeon |    438 |    438 |      0 |      0 |    357 |   1 |  438.0 |
               +--------+--------+--------+--------+--------+-----+--------+

Top non-repeatable levels by time:
     D:1: 438 daAuts
